AoeStats
← ElZorro63

African Clearing

510448009Analyzed
3v3 RM · 1d ago on Oct 1, 2026· 53m 40s· 6 players
Game mode
Random Map
Map size
Normal (6 player)
Population
200
Speed
Normal
Resources
Standard
Victory
Conquest
Starting age
Dark Age
Ending age
Imperial Age
RankedLock teamsTeams togetherTeam positionsShared explorationLock speedFull tech treeHidden civsTurbo modeCheats
Victory
Defeat
🇵🇪 Mongols · Peru
1487
+6
🇲🇽 Varangians · Mexico
1403
+8
🇦🇷 Burgundians · Argentina
1391
+8
🇦🇷 Chinese · Argentina
1280
-9
🇲🇽 Goths · Mexico
1205
-7
🇦🇷 Huns · Argentina
1155
-6
ZEAN430
11:53 Feudal Age
13:36 Loom
21:44 Castle Age
20:06 Double-Bit Axe
21:57 Fletching
28:37 Horse Collar
30:49 Ballistics
31:37 Padded Archer Armor
33:46 Bodkin Arrow
34:07 Leather Archer Armor
34:39 Bloodlines
34:29 Husbandry
37:02 Town Watch
38:30 Husbandry
39:45 Leather Archer Armor
41:24 Wheelbarrow
46:47 Imperial Age
44:43 Hand Cart
46:59 Stone Mining
47:52 Conscription
48:51 Bracer
49:25 Elite Mangudai
51:37 Chemistry
50:48 Masonry
52:03 Siege Engineers
woodyshaack
11:27 Loom
14:19 Feudal Age
20:15 Castle Age
18:35 Fishing Lines
19:53 Double-Bit Axe
23:09 Gillnets
26:26 Forging
26:29 Arson
27:11 Gambesons
27:41 Scale Mail Armor
28:07 Squires
28:40 Fletching
36:45 Chain Mail Armor
37:28 Bow Saw
39:19 Iron Casting
39:22 Wheelbarrow
38:43 Horse Collar
40:36 Bodkin Arrow
41:57 Heavy Plow
42:23 Man-at-Arms
43:27 Padded Archer Armor
47:08 Imperial Age
44:57 Hand Cart
48:18 Conscription
47:22 Gothikon
47:30 Elite Longship
49:50 Stone Mining
49:50 Gold Mining
51:48 Two-Man Saw
51:49 Blast Furnace
50:11 Elite Varangian Guard
51:37 Plate Mail Armor
50:49 Capped Ram
51:52 Town Watch
52:38 Town Patrol
53:05 Siege Ram
53:21 Vendel Legacy
Soul Manus
6:13 Loom
12:05 Wheelbarrow
14:24 Feudal Age
20:03 Castle Age
18:35 Double-Bit Axe
19:31 Bow Saw
26:13 Scale Barding Armor
27:11 Fervor
30:48 Forging
31:15 Fletching
32:27 Chain Barding Armor
32:59 Hand Cart
34:07 Iron Casting
33:01 Cavalier
34:12 Horse Collar
35:27 Husbandry
35:35 Heavy Plow
35:28 Gold Mining
36:31 Town Watch
37:53 Crop Rotation
38:07 Gold Shaft Mining
44:47 Imperial Age
46:13 Plate Barding Armor
45:01 Paladin
47:25 Blast Furnace
46:51 Conscription
48:47 Town Patrol
50:21 Elite Skirmisher
51:10 Bodkin Arrow
51:16 Padded Archer Armor
El_Dogor
4:55 Loom
12:56 Feudal Age
13:42 Town Watch
17:46 Man-at-Arms
18:11 Horse Collar
18:17 Double-Bit Axe
25:18 Castle Age
25:30 Scale Mail Armor
25:41 Forging
27:47 Wheelbarrow
29:28 Chain Mail Armor
29:32 Squires
30:16 Iron Casting
34:26 Long Swordsman
40:15 Pikeman
48:38 Imperial Age
46:15 Gold Mining
46:15 Stone Mining
46:40 Bow Saw
48:41 Halberdier
50:23 Blast Furnace
50:00 Conscription
VL marianinka
3:04 Loom
11:26 Feudal Age
12:16 Double-Bit Axe
18:38 Bloodlines
19:07 Horse Collar
21:17 Gold Mining
22:47 Scale Barding Armor
22:52 Forging
26:54 Castle Age
25:04 Stone Mining
27:21 Light Cavalry
28:44 Heavy Plow
29:26 Fletching
30:18 Gold Shaft Mining
31:11 Bow Saw
31:55 Husbandry
32:27 Padded Archer Armor
33:06 Bodkin Arrow
34:18 Town Watch
35:14 Wheelbarrow
35:45 Leather Archer Armor
35:51 Chain Barding Armor
37:02 Ballistics
42:02 Imperial Age
39:51 Great Wall
40:51 Hand Cart
43:28 Conscription
45:45 Bracer
49:46 Chemistry
51:25 Ring Archer Armor
ElZorro63
6:32 Loom
9:25 Loom
11:43 Feudal Age
12:43 Double-Bit Axe
18:24 Castle Age
17:02 Fletching
17:40 Horse Collar
18:06 Gold Mining
19:18 Bodkin Arrow
23:33 Ballistics
25:40 Wheelbarrow
26:21 Bow Saw
26:18 Thumb Ring
34:31 Town Watch
36:31 Bloodlines
37:21 Hand Cart
42:37 Imperial Age
40:36 Padded Archer Armor
41:45 Scale Barding Armor
41:51 Forging
43:58 Conscription
44:05 Conscription
44:44 Cavalier
45:28 Husbandry
46:10 Bow Saw
48:35 Chain Barding Armor
Connection lost

Rejoining the realm…

Still unreachable

The connection could not be restored.

Session expired

The server has moved on; the page needs a fresh start.